 Dungeon Crawl Stone Soup version 0.24.0-13-gcf9b319 (webtiles) character file.

Game seed: 3776435872978437000, levelgen mode: deterministic

4900 Fang the Fighter (level 10, -7/97 HPs)
             Began as a Gargoyle Berserker on Dec 11, 2019.
             Was a High Priest of Trog.
             Mangled by a yak (9 damage)
             ... on level 8 of the Dungeon on Dec 12, 2019.
             The game lasted 00:09:04 (7428 turns).

Fang the Fighter (Gargoyle Berserker)               Turns: 7428, Time: 00:09:05

Health: -7/97      AC: 24    Str: 30    XL:     10   Next: 51%
Magic:  10/10      EV: 10    Int: 10    God:    Trog [*****.]
Gold:   298        SH:  7    Dex:  9    Spells: 9/9 levels left

rFire    . . .     SeeInvis .   a - +0 hand axe
rCold    . . .     Gourm    .   x - +2 buckler "Wotsuv Hena" {Slay+3}
rNeg     + . .     Faith    .   b - +0 plate armour
rPois    ∞         Spirit   .   (no helmet)
rElec    +         Reflect  .   (no cloak)
rCorr    .         Harm     .   (no gloves)
MR       .....                  w - +2 pair of boots
Stlth    ..........             (no amulet)
HPRegen  0.26/turn              l - +3 ring of intelligence
MPRegen  0.12/turn              (no ring)

@: berserking (expiring), very quick
A: negative energy resistance 1, electricity resistance, unbreathing,
petrification resistance, rot immunity, AC +7
a: Berserk, Trog's Hand, Brothers in Arms, Renounce Religion


You were on level 8 of the Dungeon.
You worshipped Trog.
Trog was extremely pleased with you.
You were near starving.

You visited 2 branches of the dungeon, and saw 9 of its levels.
You also visited: Sewer.

You collected 298 gold pieces.

Inventory:

Hand Weapons
 a - a +0 hand axe (weapon)
Armour
 b - a +0 plate armour (worn)
 w - a +2 pair of boots (worn)
 x - the +2 buckler "Wotsuv Hena" (worn) {Slay+3}
   (You found it on level 5 of the Dungeon)

   It affects your accuracy and damage with ranged weapons and melee attacks
   (+3).
Jewellery
 l - a +3 ring of intelligence (left hand)
Wands
 B - a wand of random effects (16)
 D - a wand of digging (7)
Scrolls
 d - 2 scrolls of fog {unknown}
 e - 2 scrolls of enchant weapon {unknown}
 f - 3 scrolls of remove curse {unknown}
 g - 7 scrolls of identify {unknown}
 h - 2 scrolls of immolation {unknown}
 i - 7 scrolls of teleportation {unknown}
 j - 2 scrolls of random uselessness {unknown}
 k - a scroll of amnesia {unknown}
 m - 2 scrolls of blinking {unknown}
 r - 2 scrolls of noise {unknown}
 t - 4 scrolls of magic mapping {unknown}
 y - 2 scrolls of holy word {unknown}
Potions
 n - a potion of curing {unknown}
 o - a potion of brilliance {unknown}
 p - 2 potions of magic {unknown}
 q - 2 potions of agility
 s - 2 potions of heal wounds {unknown}
 u - 4 potions of mutation {unknown}
 v - a potion of resistance
 z - a potion of flight {unknown}
 A - a potion of might {unknown}
 E - a potion of haste {unknown}
Comestibles
 c - 12 rations


   Skills:
 + Level 8.5 Fighting
 + Level 7.1 Axes
 + Level 8.1 Armour
 + Level 6.1 Dodging
 + Level 5.4 Shields


You had 9 spell levels left.
You didn't know any spells.
Your spell library was empty.

Dungeon Overview and Level Annotations

Branches:
Dungeon (8/15)             Temple (1/1) D:5            Lair (0/6) D:8
  Sewer (visited)

Altars:
Cheibriados
Fedhas
Trog
Vehumet
Wu Jian
Yredelemnul
Zin
The Shining One

Shops:
D:7 ?


Innate Abilities, Weirdness & Mutations

You are resistant to torment.
Your stone body is resilient. (AC +7)
You are immune to poison.
You resist negative energy. (rN+)
You are resistant to electric shocks. (rElec)
You can survive without breathing.
You are immune to petrification.
You are immune to rotting.


Message History

You slash the yak!
The yak is severely wounded.
You slash the yak! You hit the yak but do no damage. You barely miss the yak.
You slash the yak!
You kill the yak!
Trog accepts your kill.
You hit the porcupine. You block the porcupine's attack.
The yak barely misses you. The yak gores you but does no damage.
The yak gores you!
* * * LOW HITPOINT WARNING * * *
The yak gores you but does no damage.
You are too injured to fight recklessly!
You hit the yak.
The yak is severely wounded.
You slash the yak!
You kill the yak!
Trog accepts your kill.
You hit the yak. You slash the yak! You closely miss the porcupine.
You block the porcupine's attack. The yak gores you!
You die...

#..........>..
#...##.##...##
#######
#...##+##...#
#......
#.......#^...
#......
#.......# ..
#......
#.......#
#......
#.......#
#......
#...Y.###
#...... #...Y@#
##+#...
#.....rYr♣ #...
#..........
#......t.....
#.............P
#.....P.PPP...P
#.....♣P..♣..♣.
..#......P...>


You could see 3 yaks, a crocodile and 2 porcupines.

Vanquished Creatures
  A two-headed ogre (D:8)
  An ugly thing (D:7)
  A centaur skeleton (D:7)
  A basilisk (D:8)
  2 yaks (D:8)
  Duvessa (D:7)
  2 porcupines (D:8)
  A black bear (D:6)
  4 ice beasts
  A phantom (D:5)
  4 ogres
  3 centaurs (D:6)
  A crocodile (D:8)
  3 bullfrogs
  Dowan (D:7)
  A wyvern skeleton (D:6)
  6 killer bees (D:7)
  4 wights (D:7)
  2 howler monkeys
  2 crimson imps (D:7)
  A bullfrog zombie (D:5)
  A bullfrog skeleton (D:4)
  A jelly (D:6)
  A gnoll shaman (D:7)
  An orc priest (D:3)
  A hound (D:6)
  Jessica (D:2)
  4 iguanas
  5 worker ants
  A hound zombie (D:7)
  7 gnolls
  A worker ant zombie (D:6)
  14 adders
  3 river rats (D:6)
  An ooze (D:1)
  2 adder skeletons (D:7)
  4 worms (D:6)
  3 dart slugs
  4 leopard geckos
  18 orcs
  2 ball pythons
  15 giant cockroaches
  7 goblins
  10 hobgoblins
  4 jackals
  6 quokkas
  9 bats
  10 frilled lizards
  A jackal skeleton (D:5)
  2 jackal zombies
  9 kobolds
  2 leopard gecko skeletons
  2 quokka skeletons
  A quokka zombie (D:6)
  10 rats
206 creatures vanquished.

Vanquished Creatures (others)
  A wizard (D:5)
  A plant (D:8)
2 creatures vanquished.

Grand Total: 208 creatures vanquished

Notes
Turn   | Place    | Note
-------+----------+-------------------------------------------
     0 | D:1      | Fang the Gargoyle Berserker began the quest for the Orb.
     0 | D:1      | Reached XP level 1. HP: 14/14 MP: 1/1
   104 | D:1      | Reached XP level 2. HP: 17/19 MP: 2/2
   382 | D:1      | Reached XP level 3. HP: 23/23 MP: 3/3
   431 | D:1      | Reached ** piety under Trog
  1070 | D:2      | Reached XP level 4. HP: 23/29 MP: 4/4
  1118 | D:2      | Noticed Jessica
  1127 | D:2      | Killed Jessica
  1744 | D:2      | Reached XP level 5. HP: 22/33 MP: 5/5
  1876 | D:3      | Reached *** piety under Trog
  1880 | D:3      | Found a blossoming altar of Fedhas.
  2487 | D:3      | Reached XP level 6. HP: 39/39 MP: 6/6
  2576 | D:3      | Noticed an ice beast
  2586 | D:3      | Killed an ice beast
  3051 | D:4      | Found a snail-covered altar of Cheibriados.
  3051 | D:4      | Found a glowing silver altar of Zin.
  3052 | D:4      | Found a radiant altar of Vehumet.
  3072 | D:4      | Found an ornate altar of the Wu Jian Council.
  3319 | D:4      | Found a glowing golden altar of the Shining One.
  3662 | D:5      | Entered Level 5 of the Dungeon
  3666 | D:5      | Found a bloodstained altar of Trog.
  3667 | D:5      | Noticed a wizard
  3672 | D:5      | Killed a wizard
  3728 | D:5      | Reached skill level 5 in Fighting
  3728 | D:5      | Reached XP level 7. HP: 44/44 MP: 7/7
  3856 | D:5      | Got a steaming buckler
  3862 | D:5      | Identified the +2 buckler "Wotsuv Hena" {Slay+3} (You found
                  | it on level 5 of the Dungeon)
  3876 | D:5      | Found a transporter.
  3884 | D:5      | Found a staircase to the Ecumenical Temple.
  4389 | D:5      | Found a transporter.
  4529 | D:6      | Reached skill level 5 in Armour
  4544 | D:6      | Reached XP level 8. HP: 51/51 MP: 8/8
  4550 | D:6      | Reached **** piety under Trog
  4552 | D:6      | Reached skill level 5 in Axes
  4735 | D:6      | Found a glowing drain.
  4743 | Sewer    | Entered a sewer
  4962 | Sewer    | Reached skill level 1 in Shields
  5723 | Temple   | Entered the Ecumenical Temple
  5765 | D:5      | Reached XP level 9. HP: 56/56 MP: 9/9
  5942 | D:7      | Noticed a green ugly thing
  5963 | D:7      | Killed a green ugly thing
  5963 | D:7      | Reached skill level 5 in Dodging
  6252 | D:7      | Reached ***** piety under Trog
  6608 | D:7      | Found Etiany's Magic Scroll Shop.
  6640 | D:7      | Noticed Duvessa
  6641 | D:7      | Noticed Dowan
  6654 | D:7      | Killed Duvessa
  6657 | D:7      | Killed Dowan
  6830 | D:7      | Reached XP level 10. HP: 63/64 MP: 10/10
  7083 | D:8      | Noticed a two-headed ogre
  7092 | D:8      | Killed a two-headed ogre
  7092 | D:8      | Reached skill level 5 in Shields
  7406 | D:8      | Found a staircase to the Lair.
  7427 | D:8      | HP: 1/97 [yak (9)]
  7428 | D:8      | Mangled by a yak

Levels and vault maps discovered:
D:1:      dpeg_arrival_brainrot, layout_loops_ring, minivault_27
D:2:      layout_basic, uniq_jessica
D:3:      layout_rooms, fedhas_altar_2, first_ration
D:4:      layout_gridville, kennysheep_mini, nicolae_overflow_quartered_altars,
          hangedman_decor_peaks_small
D:5:      gammafunk_cloud_chamber, layout_basic, minmay_temple_entry_statues,
          trog_wizard
D:6:      layout_rooms, lightli_sewer_entry_pipes, mrwooster_statue_mirror
D:7:      layout_basic, serial_shops, nicolae_shop_waterfront, uniq_duvessa
D:8:      layout_gridville, minmay_lair_entry_grove
Temple:   nicolae_temple_elliptical

Skill      XL: |  1  2  3  4  5  6  7  8  9 10 |
---------------+-------------------------------+-----
Axes           | 3 4 5 6 7 |  7.1
Dodging        | 2 3 4 5 6 |  6.1
Armour         | 3 4 5 6 7 8 |  8.1
Fighting       | 4 5 6 7 8 |  8.5
Shields        | 2 4 5 |  5.4

Action                   |  1- 3 |  4- 6 |  7- 9 | 10-12 || total
-------------------------+-------+-------+-------+-------++-------
Melee: Hand axe          |   127 |   192 |   453 |    76 ||   848
Invok: Berserk           |     1 |     5 |     6 |     2 ||    14
 Stab: Sleeping          |       |     1 |       |       ||     1
  Eat: Chunk             |     1 |    12 |    11 |     2 ||    26
       Ration            |       |       |     2 |       ||     2
Armor: Animal skin       |    43 |    42 |       |       ||    85
       Chain mail        |       |    40 |       |       ||    40
       Plate armour      |       |    10 |   303 |    53 ||   366
Dodge: Dodged            |   104 |   100 |   185 |    38 ||   427
Block: Buckler           |       |       |   113 |    29 ||   142
